 Dungeon Crawl Stone Soup version 0.29.1-debian-4-g95531337e3 (webtiles) character file.

Game seed: 16068347567315622480

45 Garessta the Sneak (level 3, 27/27 HPs)
             Began as a Demonspawn Brigand on Sept 13, 2022.
             Was a Follower of Trog.
             Quit the game on level 1 of the Dungeon.
             The game lasted 00:03:05 (886 turns).

Garessta the Sneak (Demonspawn Brigand)              Turns: 886, Time: 00:03:05

Health: 27/27      AC:  3    Str: 11    XL:     3   Next: 42%
Magic:  3/3        EV: 12    Int: 12    God:    Trog [*.....]
Gold:   34         SH:  0    Dex: 16    Spells: 2/2 levels left

rFire   . . .      SeeInvis .   b - +1 dagger (protect)
rCold   . . .      Faith    .   (no shield)
rNeg    . . .      Spirit   .   f - +0 robe
rPois   .          Reflect  .   (no helmet)
rElec   .          Harm     .   c - +0 cloak
rCorr   .          Rampage  .   (no gloves)
Will    .....                   (no boots)
Stlth   +++.......              (no amulet)
HPRegen 0.09/turn               (no ring)
MPRegen 0.08/turn               (no ring)

@: no status effects
A: ignite blood 1, demonic touch 1
a: Renounce Religion, Berserk


You were on level 1 of the Dungeon.
You worshipped Trog.
Trog was aware of your devotion.
You visited 1 branch of the dungeon, and saw 1 of its levels.

You collected 34 gold pieces.

Inventory:

Hand Weapons
 a - a +2 dagger
 b - a +1 dagger of protection (weapon)
Missiles
 d - 9 poisoned darts (quivered)
 e - 3 curare-tipped darts
Armour
 c - a +0 cloak (worn)
 f - a +0 robe (worn)
Scrolls
 h - 2 scrolls of immolation {unknown}
Potions
 g - a potion of brilliance {unknown}
 i - a potion of magic {unknown}


   Skills:
 - Level 2.2 Fighting
 + Level 3.0 Short Blades
 - Level 2.0 Throwing
 - Level 1.1 Dodging
 - Level 3.7 Stealth


You had 2 spell levels left.
You didn't know any spells.
Your spell library contained the following spells:

 Spells                   Type           Power      Damage    Failure   Level
 Shock                    Conj/Air       0%         1d3       32%         1
 Swiftness                Air            0%         N/A       69%         3
 Airstrike                Air            0%         2d(0-16)  97%         4


Dungeon Overview and Level Annotations

Branches:
Dungeon (1/15)

Altars:
Trog


Innate Abilities, Weirdness & Mutations

Your demonic aura sometimes causes spilled blood to erupt in flames.
Your touch may inflict minor irresistible damage on your foes.


Message History

You impale the ball python!!
Your weapon exudes an aura of protection.
You kill the ball python!
The goblin shouts!
You strike the helpless hobgoblin from behind!
You puncture the hobgoblin!
Your weapon exudes an aura of protection.
You kill the hobgoblin!
You hit the goblin.
The goblin is heavily wounded.
The goblin hits you but does no damage.
You hit the goblin.
You kill the goblin!
Your Short Blades skill increases to level 3!
No target in view!
No target in view!
You see here a hobgoblin corpse.
A hobgoblin comes into view.
The helpless hobgoblin fails to defend itself.
You impale the hobgoblin!!
Your weapon exudes an aura of protection.
You kill the hobgoblin!
No target in view!
You see here a hobgoblin corpse.
You open the door.
There is an open door here.
You see here a hobgoblin corpse.
There is an open door here.
There is a stone staircase leading down here.
Things that are here:
a +0 short sword; 5 stones You see here a bat skeleton.
There is an open door, spattered with blood here.
You see here a jackal skeleton.
There is a faded altar of an unknown god here.
Done exploring.
This altar belongs to (a) Wu Jian, (b) Uskayaw or (c) Trog, but you can't tell which.
Press the corresponding letter to learn more about a god, or press enter to convert or escape to cancel.
Trog accepts your prayer! Trog welcomes you!
You can now go berserk at will.
Are you sure you want to abandon this character and quit the game? (Confirm with "yes".)

#.......##### #.#.#
####~8~~§≈~
#.........# ###÷###
#...§~8~§~~
######....#
#....P####..†≈§~####
#....#
#.....#.....§≈§~'.<#
#....#
#.P...#...#..§≈~'..#
######
#.....#...#..≈~~####
##.P.##..##..~~8~~~~
##.####..###~8~~≈≈~
#@# ##.# #~~~≈≈≈≈
##P## #.# ########
##PPP## #.### ####


#PPPPP# #...## #... #PPPPP# ###..####... #.PPPP# ##....#... #PPPPP# ####.#...
###'### #..... #..# ###... There were no monsters in sight!

Vanquished Creatures
  A gnoll (D:1)
  An endoplasm (D:1)
  A giant cockroach (D:1)
  2 goblins (D:1)
  6 hobgoblins (D:1)
  3 jackals (D:1)
  3 kobolds (D:1)
  A quokka (D:1)
  A ball python (D:1)
  A bat (D:1)
  9 frilled lizards (D:1)
  6 rats (D:1)
35 creatures vanquished.

Vanquished Creatures (others)
  5 plants (D:1)
  A withered plant (D:1)
6 creatures vanquished.

Grand Total: 41 creatures vanquished

Notes
Turn   | Place    | Note
-------+----------+-------------------------------------------
     0 | D:1      | Garessta the Demonspawn Brigand began the quest for the
                  | Orb.
     0 | D:1      | Reached XP level 1. HP: 16/16 MP: 1/1
   113 | D:1      | Reached skill level 1 in Dodging
   115 | D:1      | Gained mutation: Your touch may inflict minor irresistible
                  | damage on your foes. [demonic ancestry]
   115 | D:1      | Reached XP level 2. HP: 22/22 MP: 2/2
   444 | D:1      | Gained mutation: Your demonic aura sometimes causes spilled
                  | blood to erupt in flames. [demonic ancestry]
   444 | D:1      | Reached XP level 3. HP: 26/27 MP: 3/3
   480 | D:1      | Found a faded altar of an unknown god.
   885 | D:1      | Prayed at the altar of an unknown god.
   885 | D:1      | Became a worshipper of Trog the Wrathful
   885 | D:1      | Reached * piety under Trog
   886 | D:1      | Quit the game

Illustrated notes

Levels and vault maps discovered:
D:1:      lightli_arrival_boilingwater, layout_basic,
          shapermc_ecumenical_altar_flowoftime, minmay_statues_item,
          minivault_25, minmay_lizard_king

Skill      XL: |  1  2  3 |
---------------+----------+-----
Dodging        | 1 |  1.1
Short Blades   | 2 3 |  3.0
Throwing       | 2 |  2.0
Fighting       | |  2.2
Stealth        | |  3.7

Action                   || total
-------------------------++-------
Melee: Dagger            ||    94
       Touch             ||    12
Throw: Dart              ||     1
 Stab: Sleeping          ||     5
       Distracted        ||     1
Armor: Robe              ||    19
Dodge: Dodged            ||    38
